Map: Estaleiro Orbital

Players

eduba - Winner!

  • Race: Terran Terran
  • League: Master

Master

  • Race: Protoss Protoss
  • League: Grandmaster

VOD

Have the link to the VOD?

Description

Time

  • Played on: March 19, 2016, 8:02 p.m.
  • Length: 8:59
Show
View Real Time Build Order
Export as new Build Order

eduba Terran - Winner!

Build Orders: Liberator Opening, Reaper Expand, MMM Bio 

Get SALT Encoding   

  12  0:00  SCV  
  13  0:13  SCV  
  14  0:18  Supply Depot  
  14  0:25  SCV  
  15  0:40  SCV  
  15  0:41  Barracks  
  16  0:44  Refinery  
  16  0:52  SCV  
  18  1:04  SCV  
  18  1:18  SCV  
  19  1:28  Reaper  
  19  1:30  Orbital Command  
  20  1:42  Command Center  
  20  1:56  SCV  
  20  1:57  Supply Depot  
  20  2:00  Marine  
  22  2:05  Factory  
  22  2:08  SCV  
  23  2:12  Refinery  
  23  2:25  SCV  
  23  2:27  Barracks Tech Lab  
  24  2:37  SCV  
  24  2:51  Widow Mine  
  24  2:53  Starport  
  24  2:54  Orbital Command  
  24  2:56  Marine  
  27  3:00  Barracks  
  27  3:01  SCV  
  28  3:14  Marine  
  28  3:15  Liberator  
  28  3:16  SCV  
  28  3:17  Barracks  
  31  3:20  Widow Mine, SCV  
  33  3:29  SCV  
  33  3:32  SCV  
  33  3:33  Marine  
  39  3:41  SCV  
  39  3:46  SCV  
  41  3:49  Widow Mine  
  41  3:50  Supply Depot  
  41  3:51  Marine  
  41  3:52  Barracks Reactor  
  41  3:53  SCV  
  45  3:58  SCV  
  46  4:05  Barracks Tech Lab  
  46  4:12  Marine, SCV  
  46  4:14  Supply Depot  
  46  4:15  Medivac  
  50  4:17  Widow Mine  
  50  4:21  SCV  
  54  4:24  SCV  
  54  4:27  Supply Depot  
  54  4:35  Marine x4  
  54  4:36  SCV x2  
  60  4:39  Supply Depot  
  60  4:46  Starport Reactor  
  60  4:48  SCV x2, Factory Tech Lab  
  60  4:50  Barracks  
  62  4:53  Marine x2  
  62  4:54  Marauder, Marine  
  67  5:03  SCV x2  
  67  5:06  Engineering Bay  
  69  5:08  Engineering Bay  
  69  5:11  Marine x2  
  69  5:12  Marine  
  69  5:15  Marauder, SCV  
  69  5:19  SCV  
  73  5:22  Medivac x2  
  73  5:26  Stimpack  
  77  5:29  Marine  
  78  5:45  Marine x2  
  78  5:47  Marine  
  77  5:50  Supply Depot  
  77  5:52  Missile Turret  
  77  5:53  SCV  
  77  5:54  Missile Turret  
  78  5:57  Marine, SCV  
  78  6:01  Refinery  
  78  6:02  Refinery  
  78  6:03  Supply Depot, Marine x2  
  78  6:05  Supply Depot  
  78  6:06  Marine, Terran Infantry Weapons Level 1, Terran Infantry Armor Level 1  
  76  6:15  Marine  
  70  6:26  Marine x2  
  70  6:28  SCV x2  
  74  6:32  Marine  
  74  6:33  Marine  
  74  6:37  Combat Shields  
  76  6:40  SCV x2  
  76  6:44  Marine x2  
  80  6:50  Marine  
  80  6:51  Marine  
  80  6:52  SCV  
  83  6:54  Command Center  
  83  6:56  Supply Depot  
  83  6:58  Marauder  
  85  7:02  Marine  
  85  7:03  Marauder  
  85  7:04  Liberator, SCV  
  85  7:08  Missile Turret  
  89  7:09  Marauder, Marine  
  89  7:12  SCV  
  93  7:19  Marine  
  93  7:20  Marine  
  98  7:24  Marauder  
  98  7:27  Marine  
  98  7:28  Armory  
  101  7:31  Marauder  
  103  7:37  Marauder  
  103  7:38  Marine  
  103  7:41  SCV x2  
  108  7:45  Marine x2  
  110  7:52  Marine  
  110  7:55  Marine  
  110  7:58  Marine  
  112  8:03  Marine  
  112  8:07  Marine  
  112  8:11  Marauder  
  100  8:13  Marine  
  100  8:16  Marauder  
  99  8:20  Marine  
  99  8:25  Marine  
  96  8:31  Marine x2  
  94  8:37  Marine  
Show
View Real Time Build Order
Export as new Build Order

Master Protoss 

Build Orders: 1 Gate Expand 

Get SALT Encoding   

  12  0:01  Probe (Chrono Boost)  
  13  0:11  Probe (Chrono Boost)  
  14  0:18  Pylon  
  14  0:22  Probe (Chrono Boost)  
  15  0:36  Probe (Chrono Boost), Gateway  
  16  0:47  Probe (Chrono Boost)  
  16  0:48  Assimilator  
  17  0:57  Probe (Chrono Boost)  
  18  1:08  Probe (Chrono Boost)  
  19  1:18  Nexus  
  19  1:22  Probe (Chrono Boost)  
  20  1:31  Cybernetics Core  
  20  1:34  Probe (Chrono Boost)  
  21  1:41  Assimilator  
  21  1:44  Probe (Chrono Boost)  
  22  1:50  Pylon  
  22  1:55  Probe (Chrono Boost)  
  23  2:09  Mothership Core (Chrono Boost)  
  23  2:12  Stalker (Chrono Boost)  
  27  2:24  Warp Gate  
  27  2:27  Probe (Chrono Boost)  
  27  2:28  Probe (Chrono Boost)  
  29  2:39  Probe (Chrono Boost)  
  29  2:40  Probe (Chrono Boost), Stalker  
  33  2:50  Probe (Chrono Boost)  
  33  2:51  Probe (Chrono Boost)  
  35  3:00  Probe (Chrono Boost)  
  35  3:03  Probe (Chrono Boost), Robotics Facility  
  37  3:10  Stalker  
  37  3:11  Probe (Chrono Boost)  
  40  3:14  Probe (Chrono Boost), Pylon  
  41  3:21  Probe (Chrono Boost)  
  41  3:24  Probe (Chrono Boost)  
  43  3:28  Pylon  
  43  3:32  Probe (Chrono Boost)  
  44  3:34  Twilight Council  
  44  3:35  Probe (Chrono Boost)  
  44  3:40  Stalker  
  47  3:42  Probe (Chrono Boost)  
  47  3:45  Probe (Chrono Boost)  
  49  3:49  Twilight Council  
  49  3:53  Probe (Chrono Boost)  
  50  3:56  Probe (Chrono Boost), Pylon  
  50  4:02  Observer  
  52  4:03  Probe (Chrono Boost)  
  52  4:06  Probe (Chrono Boost)  
  54  4:15  Probe (Chrono Boost), Dark Shrine  
  55  4:21  Nexus  
  55  4:27  Probe x2 (Chrono Boost)  
  55  4:31  Gateway, Assimilator  
  57  4:35  Assimilator  
  57  4:37  Probe (Chrono Boost)  
  58  4:39  Warp Prism (Chrono Boost), Pylon  
  58  4:41  Stalker  
  62  4:51  Pylon  
  62  4:55  Probe  
  62  4:57  Probe  
  64  5:00  Gateway  
  64  5:03  Gateway  
  64  5:05  Gateway  
  63  5:15  Probe  
  63  5:17  Probe  
  65  5:26  Probe  
  65  5:27  Gateway  
  66  5:29  Probe  
  66  5:31  Robotics Bay  
  66  5:34  Probe  
  68  5:36  Probe  
  58  5:44  Dark Templar  
  58  5:45  Dark Templar  
  58  5:47  Probe  
  58  5:48  Probe x2  
  61  5:58  Probe x2  
  61  6:01  Probe  
  64  6:08  Probe  
  64  6:09  Probe  
  64  6:10  Zealot x2  
  64  6:11  Zealot  
  72  6:13  Probe  
  73  6:24  Probe x2  
  73  6:25  Probe  
  72  6:27  Colossus (Chrono Boost)  
  72  6:31  Blink (Chrono Boost)  
  72  6:34  Probe  
  72  6:36  Probe  
  72  6:37  Probe  
  81  6:45  Probe  
  74  6:48  Probe  
  74  6:49  Probe  
  74  6:53  Pylon  
  76  6:54  Adept x2  
  76  6:55  Probe, Adept  
  76  7:00  Probe  
  84  7:01  Probe  
  84  7:03  Adept x2  
  84  7:04  Adept  
  84  7:06  Probe  
  92  7:11  Pylon  
  92  7:12  Probe  
  92  7:13  Colossus, Pylon  
  93  7:19  Assimilator  
  93  7:20  Probe  
  93  7:21  Probe  
  93  7:22  Assimilator  
  101  7:28  Pylon x2  
  101  7:32  Forge  
  101  7:39  Stalker x3  
  101  7:40  Probe  
  101  7:41  Probe x2  
  110  7:49  Adept x2  
  114  7:53  Probe x2  
  114  7:54  Templar Archives  
  114  7:56  Probe, Pylon  
  117  8:03  Adept x3  
  117  8:05  Probe  
  124  8:07  Dark Templar  
  98  8:15  Dark Templar x2  
  94  8:26  Dark Templar x2  
  75  8:31  Dark Templar  
  62  8:35  Dark Templar  
  49  8:49  Adept x3  
  54  8:56  Gateway  
Tags
 
Add a new tag
Caveats
  • Supply blocks, unpowered buildings, or Contaminate may cause inaccurate times.
  • Supply counts are checked every 10 seconds.